 Dungeon Crawl Stone Soup version 0.29-a0-22-gbf593b16ee (webtiles) character file.

Game seed: 15127039037986423590

9405 rlgrobin the Destroyer (level 11, -1/84 HPs)
             Began as a Mummy Conjurer on Jan 13, 2022.
             Was the Champion of Jiyva (penitent).
             Splashed by a jelly's acid (10 damage)
             ... created by Jiyva
             ... on level 10 of the Dungeon on Jan 30, 2022.
             The game lasted 00:57:18 (7352 turns).

rlgrobin the Destroyer (Mummy Conjurer)             Turns: 7352, Time: 00:57:19

Health: -1/84      AC:  2    Str: 11    XL:     11   Next: 22%
Magic:  18/27      EV: 13    Int: 21    God:    Jiyva [*]
Gold:   62         SH:  0    Dex: 15    Spells: 9/20 levels left

rFire   . . .      SeeInvis .   m - +3 trident (freeze)
rCold   + + .      Faith    +   (no shield)
rNeg    + + +      Spirit   .   j - +0 steam dragon scales
rPois   ∞          Reflect  .   g - +2 helmet
rElec   .          Harm     +   k - scarf {harm}
rCorr   .          Rampage  .   u - +1 pair of gloves
Will    +....                   (no boots)
Stlth   ++........              d - amulet of faith
HPRegen 0.24/turn               C - ring of Iwaptel {rF+ rC+ Dex+4 Slay+2}
MPRegen 0.20/turn               D - ring of magical power

@: corroded
A: cold resistance 1, negative energy resistance 3, torment resistance 2, heat
vulnerability 1, no potions
a: Renounce Religion


You were on level 10 of the Dungeon.
You worshipped Jiyva.
Jiyva was demanding penance.
You visited 2 branches of the dungeon, and saw 11 of its levels.

You collected 286 gold pieces.
You spent 224 gold pieces at shops.

Inventory:

Hand Weapons
 c - a +0 club
 h - a +0 trident
 i - a +0 dagger of electrocution
 m - a +3 trident of freezing (weapon)
 x - a +0 halberd
Missiles
 e - 3 boomerangs of dispersal
 n - 183 stones
 q - 10 poisoned darts
Armour
 a - a +0 robe
 g - a +2 helmet (worn)
 j - +0 steam dragon scales (worn)
 k - a scarf of harm (worn)
 l - a +0 ring mail
 o - a +0 leather armour
 u - a +1 pair of gloves (worn)
 z - +0 acid dragon scales
Jewellery
 d - an amulet of faith (around neck)
 t - an amulet of reflection
 B - an amulet of the acrobat
 C - the ring of Iwaptel (left hand) {rF+ rC+ Dex+4 Slay+2}
   (You found it on level 8 of the Dungeon)

   [ring of protection from fire]

   Dex:       It affects your dexterity (+4).
   Slay:      It affects your accuracy & damage with ranged weapons and melee
   (+2).
   rF:        It protects you from fire.
   rC:        It protects you from cold.
 D - a ring of magical power (right hand)
Wands
 r - a wand of mindburst (5)
 v - a wand of digging (3)
 y - a wand of acid (12)
 F - a wand of paralysis (3)
Scrolls
 b - 2 scrolls of enchant weapon
 f - 2 scrolls of vulnerability
 p - 3 scrolls of fog
 s - a scroll of noise {unknown}
 A - a scroll of identify
 E - a scroll of amnesia


   Skills:
 + Level 7.3 Fighting
 - Level 1.4 Short Blades
 - Level 4.0 Polearms
 + Level 2.2 Armour
 * Level 3.9 Dodging
 - Level 1.5 Stealth
 - Level 5.2 Spellcasting
 - Level 8.3 Conjurations
 - Level 7.3 Hexes
 - Level 5.0 Translocations


You had 9 spell levels left.
You knew the following spells:

 Your Spells              Type           Power      Damage    Failure   Level
a - Magic Dart            Conj           100%       1d8       1%          1
b - Searing Ray           Conj           80%        2d7       1%          2
c - Fulminant Prism       Conj/Hex       19%        3d11      4%          4
d - Iskenderun's Mystic   Conj/Tloc      33%        2d8       7%          4

Your spell library contained the following spells:

 Spells                   Type           Power      Damage    Failure   Level
 Dazzling Flash           Conj/Hex       76%        N/A       1%          3
 Static Discharge         Conj/Air       23%        N/A       3%          2
 Sandblast                Erth           10%        2d5       11%         1
 Lightning Bolt           Conj/Air       11%        1d24      47%         5
 Maxwell's Capacitive Co  Air            2%         ∞         100%        8


Dungeon Overview and Level Annotations

Branches:
Dungeon (10/15)            Temple (0/1) D:5            Lair (1/6) D:8
    Orc (0/2) D:9

Altars:
Ashenzari
Cheibriados
Fedhas
Gozag
Kikubaaqudgha
Makhleb
Nemelex Xobeh
Okawaru
Qazlal
Ru
Sif Muna
Trog
Wu Jian
Xom
Zin
Jiyva

Shops:
D:7 :(=[?   D:9 *


Innate Abilities, Weirdness & Mutations

You are immune to poison.
Your flesh is cold resistant. (rC+)
You are immune to negative energy. (rN+++)
You are immune to unholy pain and torment.
You are vulnerable to heat. (rF-)
You do not drink.


Message History

The jelly barely misses you.
Casting: Fulminant Prism (dangerous; 4% risk of failure)
Confirm with . or Enter, or press ? or * to list all spells.
You don't know that spell.
Casting: Fulminant Prism (dangerous; 4% risk of failure)
Confirm with . or Enter, or press ? or * to list all spells.
Aiming: Fulminant Prism (dangerous; 4% risk of failure)
Press: ? - help, Dir - move target You conjure a prism of explosive energy!
A fulminant prism comes into view.
The wolf completely misses you. The jelly hits you but does no damage.
The wolf closely misses you.
The jelly jiggles.
Your fulminant prism crackles loudly.
The wolf closely misses you.
Grum lets out an intimidating howl.
Grum hits you from afar with a -2 spear of distortion!
Space warps horribly around you!!
* * * LOW HITPOINT WARNING * * *
The wolf barely misses you.
Your fulminant prism explodes!
The blast of energy engulfs Grum!
You kill Grum!
The wolf bites you.
* * * LOW HITPOINT WARNING * * *
The wolf bites you!
* * * LOW HITPOINT WARNING * * *
Okay, then.
Blink to where?
Press: ? - help, Dir - move target, f - you
Okay, then.
Blink to where?
Press: ? - help, Dir - move target
As you read the scroll of blinking, it crumbles to dust.
The wolf bites you!
* * * LOW HITPOINT WARNING * * *
The jelly hits you.
* * * LOW HITPOINT WARNING * * *
The acid corrodes you!
You are splashed with acid!
You die...

#.# #.# #.# #.# #.# #.# #.# #.#
#.# #.# #.# #.#### ######.##
#.# #.#.#. #
#.......###.#####..≈.. #.
###.................#.#.
.##.####............#####.....≈
....g....J...<@h).....# #..#.#.
#..#..#..#..###J....#.# #...§..
..#..#..#...........#.###..#.#.
.#..#..#...#####....# . ......≈
#..#..#..#..........# ####.#.#.
..#..#..#..#######..........≈..
............... $.........>#.#.
...##....#################....§
.) ....... ......#.#.


You could see a wolf, a jelly and a neutral jelly (wandering)(fellow slime).

Vanquished Creatures
  2 hydras
  A deep elf pyromancer (D:7)
  Joseph (D:8)
  A troll (D:10)
  A hornet (D:8)
  A blink frog (Lair:1)
  A wyvern (D:9)
  Grum (D:10)
  An acid dragon (D:7)
  4 water moccasins
  5 orc warriors
  2 hornet zombies
  2 black bears
  3 ice beasts (D:7)
  A necrophage (D:5)
  2 sky beasts (D:6)
  A wolf (D:10)
  2 ogres
  A centaur (D:9)
  2 phantoms
  A kobold brigand (D:9)
  5 bullfrogs
  5 scorpions
  A wyvern skeleton (D:5)
  A water moccasin skeleton (D:7)
  10 killer bees (D:9)
  2 howler monkeys (D:7)
  5 wights (D:4)
  2 electric eels (D:7)
  3 hounds
  A centaur zombie (D:8)
  2 orc priests (D:9)
  2 centaur skeletons
  An orc wizard (D:7)
  A scorpion zombie (D:5)
  2 killer bee zombies (D:7)
  A hound skeleton (D:4)
  A howler monkey zombie (D:5)
  Robin (D:3)
  2 adders
  4 gnolls (D:7)
  A howler monkey skeleton (D:7)
  5 shadow imps
  2 white imps
  An ufetubus (D:7)
  2 worms
  2 dart slugs
  32 orcs
  A giant cockroach (D:3)
  11 goblins
  5 hobgoblins
  4 kobolds
  2 quokkas
  4 ball pythons
  A bat (D:1)
  A frilled lizard (D:2)
  A quokka skeleton (D:4)
  A rat (D:3)
164 creatures vanquished.

Vanquished Creatures (collateral kills)
  A hydra (D:7)
  A death knight (D:7)
  A gargoyle (D:7)
  A steam dragon (D:7)
  An acid dragon (D:7)
  Duvessa (D:4)
  A sky beast (D:6)
  A centaur (D:6)
  Dowan (D:4)
  A bullfrog zombie (D:6)
  2 killer bee zombies
  A quokka (D:4)
13 creatures vanquished.

Vanquished Creatures (others)
  A troll (D:9)
  A water moccasin (D:5)
  A centaur (D:9)
  A bullfrog (D:7)
  2 scorpions
  21 jellies
  A killer bee (D:9)
  2 howler monkeys
  A hound (D:7)
  An orc priest (D:9)
  A centaur skeleton (D:7)
  4 orc wizards (D:9)
  A hound zombie (D:5)
  An adder (D:5)
  A shadow imp (D:7)
  25 orcs
  2 endoplasms
  6 goblins
  3 hobgoblins
  A quokka (D:2)
  A ball python (D:3)
  3 bats
  A frilled lizard (D:2)
  A kobold (D:3)
  2 rats (D:3)
  2 rat zombies (D:6)
  42 fulminant prisms
  32 fungi (D:8)
  51 plants
212 creatures vanquished.

Grand Total: 389 creatures vanquished

Notes
Turn   | Place    | Note
-------+----------+-------------------------------------------
     0 | D:1      | rlgrobin the Mummy Conjurer began the quest for the Orb.
     0 | D:1      | Reached XP level 1. HP: 13/13 MP: 4/4
     1 | D:1      | Upgraded the game from 0.28-a0-1493-g08698888e4 to
                  | 0.28-a0-1506-g3893175d92
    96 | D:1      | Found a faded altar of an unknown god.
   103 | D:1      | Got Plato's Guide on Earth
   104 | D:1      | Prayed at the altar of an unknown god.
   104 | D:1      | Became a worshipper of Jiyva Jumizuym the Shapeless
   104 | D:1      | Reached * piety under Jiyva
   312 | D:1      | Reached XP level 2. HP: 19/19 MP: 3/6
   422 | D:1      | Found a broken altar of Ashenzari.
   471 | D:1      | Reached ** piety under Jiyva
   692 | D:2      | Learned a level 2 spell: Searing Ray
   707 | D:2      | Found an iron altar of Okawaru.
   775 | D:2      | Reached *** piety under Jiyva
   776 | D:2      | Upgraded the game from 0.28-a0-1506-g3893175d92 to
                  | 0.28-a0-1616-g050a50673c
   857 | D:2      | Reached XP level 3. HP: 24/24 MP: 5/7
  1439 | D:3      | Found an opulent altar of Gozag.
  1565 | D:3      | Reached skill level 4 in Conjurations
  1607 | D:3      | Noticed Robin
  1613 | D:3      | Found a shimmering altar of Xom.
  1620 | D:3      | Killed Robin
  1689 | D:3      | Reached **** piety under Jiyva
  2004 | D:3      | Found a sparkling altar of Nemelex Xobeh.
  2096 | D:3      | Found a bloodstained altar of Trog.
  2096 | D:3      | Found a burning altar of Makhleb.
  2096 | D:3      | Found a sacrificial altar of Ru.
  2231 | D:4      | Reached skill level 1 in Short Blades
  2231 | D:4      | Reached XP level 4. HP: 26/30 MP: 5/10
  2231 | D:4      | Reached XP level 5. HP: 31/35 MP: 5/11
  2280 | D:4      | Reached skill level 5 in Conjurations
  2280 | D:4      | Reached XP level 6. HP: 41/41 MP: 8/12
  2333 | D:4      | Reached ***** piety under Jiyva
  2341 | D:4      | Found a shimmering blue altar of Sif Muna.
  2414 | D:4      | Noticed Duvessa
  2428 | D:4      | Noticed Dowan
  2435 | D:4      | Killed Dowan
  2436 | D:4      | Killed Duvessa
  2437 | D:4      | Reached skill level 1 in Polearms
  2437 | D:4      | Reached skill level 5 in Spellcasting
  2459 | D:4      | Learned a level 4 spell: Fulminant Prism
  2577 | D:4      | Reached skill level 1 in Hexes
  2577 | D:4      | Reached XP level 7. HP: 46/46 MP: 9/14
  2695 | D:4      | Found an ornate altar of the Wu Jian Council.
  2779 | D:5      | Entered Level 5 of the Dungeon
  3270 | D:5      | Reached skill level 6 in Conjurations
  3349 | D:5      | Found a blossoming altar of Fedhas.
  3438 | D:5      | Found a staircase to the Ecumenical Temple.
  3448 | D:5      | Reached XP level 8. HP: 42/52 MP: 15/15
  3521 | D:6      | Reached ****** piety under Jiyva
  3546 | D:6      | Learned a level 4 spell: Iskenderun's Mystic Blast
  3598 | D:6      | Upgraded the game from 0.28-a0-1616-g050a50673c to
                  | 0.29-a0-8-g0446c0dae4
  3692 | D:6      | Found an ancient bone altar of Kikubaaqudgha.
  4005 | D:6      | Found a stormy altar of Qazlal.
  4042 | D:7      | Found Badaisuu's Magic Scroll Emporium.
  4047 | D:7      | Bought a scroll of enchant armour for 82 gold pieces
  4047 | D:7      | Bought a scroll of blinking for 82 gold pieces
  4145 | D:7      | Found Peoph's Antique Armour Shoppe.
  4179 | D:7      | Reached skill level 5 in Hexes
  4261 | D:7      | Reached XP level 9. HP: 57/57 MP: 14/16
  4321 | D:7      | Reached skill level 7 in Conjurations
  4336 | D:7      | Noticed a five-headed hydra
  4346 | D:7      | Killed a five-headed hydra
  4347 | D:7      | Reached skill level 8 in Conjurations
  4369 | D:7      | Noticed a death knight
  4446 | D:7      | Killed a death knight
  4447 | D:7      | Upgraded the game from 0.29-a0-8-g0446c0dae4 to
                  | 0.29-a0-11-ga75d3d97ab
  4513 | D:7      | Noticed a six-headed hydra
  4536 | D:7      | Killed a six-headed hydra
  4537 | D:7      | Reached XP level 10. HP: 12/72 MP: 13/17
  4680 | D:7      | Upgraded the game from 0.29-a0-11-ga75d3d97ab to
                  | 0.29-a0-22-gbf593b16ee
  4840 | D:7      | Found Qorr's Book Shop.
  4963 | D:7      | Found Xol Deh's Jewellery Emporium.
  5204 | D:7      | Found Dimpel's Weapon Shop.
  5274 | D:7      | Noticed a gargoyle
  5286 | D:7      | Killed a gargoyle
  5287 | D:7      | Reached skill level 5 in Fighting
  5307 | D:7      | Noticed a deep elf pyromancer
  5320 | D:7      | Killed a deep elf pyromancer
  5472 | D:8      | Found a staircase to the Lair.
  5486 | D:8      | Reached skill level 5 in Translocations
  5606 | D:8      | Found a snail-covered altar of Cheibriados.
  5653 | D:8      | Noticed Joseph
  5670 | D:8      | Killed Joseph
  5999 | D:8      | Identified the ring of Iwaptel {rF+ rC+ Dex+4 Slay+2}
  6199 | Lair:1   | Entered Level 1 of the Lair of Beasts
  6201 | Lair:1   | Noticed a cane toad
  6380 | D:9      | Found Fady's General Store.
  6438 | D:9      | Reached skill level 1 in Armour
  6484 | D:9      | Noticed a four-headed hydra
  6503 | D:9      | Killed a four-headed hydra
  6504 | D:9      | Reached XP level 11. HP: 84/84 MP: 5/18
  6912 | D:9      | Found a staircase to the Orcish Mines.
  7169 | D:10     | Entered Level 10 of the Dungeon
  7310 | D:10     | Was placed under penance by Jiyva
  7317 | D:10     | Noticed Grum
  7327 | D:9      | Bought a wand of paralysis (3) for 60 gold pieces
  7347 | D:10     | Killed Grum
  7352 | D:10     | Splashed by a jelly's acid

Illustrated notes

Levels and vault maps discovered:
D:1:      lemuel_arrival_room, layout_rooms,
          shapermc_ecumenical_altar_rom_forum, kennysheep_flooded_box
D:2:      layout_basic, basic_altar
D:3:      layout_loops_ring, nicolae_gozag_cash_rules_everything_around_me,
          lemuel_tele_altar, mainiacjoe_overflow_alcove_2,
          gammafunk_temple_overflow_forgotten, kennysheep_donut,
          minmay_close_crescents, uniq_robin
D:4:      layout_rooms, lemuel_doored_altar, nicolae_overflow_hidden_temple,
          item_on_display_b, uniq_duvessa
D:5:      layout_gridville, fedhas_altar_4, minmay_temple_entry_hall
D:6:      layout_cave_pools, lemuel_zombie_altar_kikubaaqudgha,
          nicolae_qazlal_general_emergency, serial_bayou_ford_a
D:7:      nzn_winding_woodlands_stair_cross
          [nzn_winding_woodlands_5x15_river_crossing,
          nzn_winding_woodlands_center_lodge,
          nzn_winding_woodlands_5x15_sawtooth,
          nzn_winding_woodlands_5x5_perimeter, nzn_winding_woodlands_hourglass,
          nzn_winding_woodlands_5x15_pockets,
          nzn_winding_woodlands_center_triple_pond,
          nzn_winding_woodlands_5x15_twine], layout_cave_pods, serial_shops,
          nicolae_shop_hallway_plus, kennysheep_mini, shop_fountains, shop,
          nicolae_stop_n_shop_2
D:8:      layout_basic, mainiacjoe_overflow_chevrons, cheibriados_altar_1,
          due_lair_maze_entry_diamond, uniq_joseph
D:9:      layout_irregular_city, hiddenorc2_lemuel, serial_shops,
          nicolae_take_the_stairs, minmay_microvault
D:10:     layout_basic, kennysheep_crisscross, minmay_misc_feat_diagonals,
          uniq_grum
Lair:1:   layout_cave_pods

Skill      XL: |  1  2  3  4  5  6  7  8  9 10 11 |
---------------+----------------------------------+-----
Spellcasting   | 3 4 5 |  5.2
Conjurations   | 4 5 6 8 |  8.3
Short Blades   | 1 |  1.4
Polearms       | 1 2 4 |  4.0
Hexes          | 1 3 5 6 7 |  7.3
Fighting       | 4 7 |  7.3
Translocations | 3 5 |  5.0
Dodging        | 3 |  3.9
Armour         | 1 2 |  2.2
Stealth        | |  1.5

Action                   |  1- 3 |  4- 6 |  7- 9 | 10-12 || total
-------------------------+-------+-------+-------+-------++-------
Melee: Club              |     5 |       |       |       ||     5
       Punch             |     1 |       |     1 |       ||     2
       Trident           |     3 |     2 |    51 |    80 ||   136
 Cast: Magic Dart        |    60 |     5 |    67 |    27 ||   159
       Searing Ray       |     6 |     7 |    31 |    27 ||    71
       Fulminant Prism   |       |       |     8 |    34 ||    42
       Iskenderun's Myst |       |       |       |     4 ||     4
  Use: Scroll            |     1 |     3 |     3 |     4 ||    11
Armor: Robe              |     3 |     2 |    34 |     1 ||    40
       Steam dragon scal |       |       |       |    62 ||    62
Dodge: Dodged            |    11 |    10 |    72 |   112 ||   205

Table legend: (Time is in decaauts)
 A = Elapsed time spent in this place.
 B = Non-inter-level travel time spent in this place.
 C = Inter-level travel time spent in this place.
 D = Time resting spent in this place.
 E = Time spent auto-exploring this place.
 F = Levels seen in this place.
 G = Mean time per level.
                   A        B        C        D        E       F      G
               +--------+--------+--------+--------+--------+-----+--------+
         Total |   7388 |   7131 |    257 |     50 |   5178 |  11 |  671.6 |
       Dungeon |   7380 |   7123 |    257 |     50 |   5178 |  10 |  738.0 |
          Lair |      7 |      7 |      0 |      0 |      0 |   1 |    7.0 |
               +--------+--------+--------+--------+--------+-----+--------+

Top non-repeatable levels by time:
     D:7: 1271 daAuts
     D:9: 948 daAuts
     D:2: 920 daAuts
     D:8: 895 daAuts
     D:5: 734 daAuts
     D:3: 729 daAuts
     D:4: 590 daAuts
     D:1: 560 daAuts
     D:6: 557 daAuts
    D:10: 173 daAuts
  Lair:1: 7 daAuts
